 Dungeon Crawl Stone Soup version 0.21-a0-404-g291f19a (webtiles) character file.

312 tof the Twirler (level 6, -2/52 HPs)
             Began as a Minotaur Gladiator on Oct 28, 2017.
             Slain by an orc
             ... wielding a +0 club
              (4 damage)
             ... on level 4 of the Dungeon.
             The game lasted 00:03:48 (2682 turns).

tof the Twirler (Minotaur Gladiator)                Turns: 2682, Time: 00:03:49

Health: -2/52      AC:  5    Str: 19    XL:     6   Next: 18%
Magic:  5/5        EV: 13    Int:  5    God:
Gold:   261        SH:  0    Dex: 13    Spells: 5/5 levels left

rFire    . . .     SeeInvis .   a - +2 quarterstaff (chaos)
rCold    . . .     Gourm    .   (shield currently unavailable)
rNeg     . . .     Faith    .   t - +0 leather armour
rPois    .         Spirit   .   c - +0 hat
rElec    .         Reflect  .   r - +0 cloak
rCorr    .         Harm     .   s - +0 pair of gloves
MR       .....                  (no boots)
Stlth    +.........             (no amulet)
HPRegen  0.17/turn              (no ring)
MPRegen  0.09/turn              (no ring)

@: no status effects
A: retaliatory headbutt, horns 2
a: no special abilities


You were on level 4 of the Dungeon.
You were hungry.

You visited 1 branch of the dungeon, and saw 4 of its levels.

You collected 261 gold pieces.

Inventory:

Hand Weapons
 a - a +2 quarterstaff of chaos (weapon)
 b - a +0 blowgun
Missiles
 d - 3 throwing nets (quivered)
 o - 4 needles of sleeping
 u - 20 poisoned needles
Armour
 c - a +0 hat (worn)
 r - a +0 cloak (worn)
 s - a +0 pair of gloves (worn)
 t - a +0 leather armour (worn)
Jewellery
 m - an uncursed amulet of regeneration {unknown}
Wands
 y - a wand of paralysis (7/24)
Scrolls
 k - a scroll of immolation {unknown}
 n - a scroll of fear {unknown}
 p - 4 scrolls of teleportation {unknown}
 q - 2 scrolls of amnesia {unknown}
 v - a scroll of magic mapping {unknown}
 x - a scroll of noise {unknown}
 z - a scroll of enchant armour {unknown}
 A - a scroll of identify {unknown}
Potions
 e - a potion of lignification {unknown}
 h - 5 potions of curing {unknown}
 i - a potion of cancellation {unknown}
 j - a potion of might {unknown}
 l - 2 potions of magic {unknown}
 B - a potion of flight {unknown}
Comestibles
 f - 4 bread rations
 g - 3 meat rations
 w - 4 chunks of flesh


   Skills:
 + Level 3.7 Fighting
 * Level 5.4 Staves
 + Level 2.9 Throwing
 * Level 3.6 Armour
 + Level 4.2 Dodging


You had 5 spell levels left.
You didn't know any spells.

Dungeon Overview and Level Annotations

Branches:
Dungeon (4/15)
 Temple: D:4-7

Altars:
Ashenzari
Fedhas
Kikubaaqudgha
Nemelex Xobeh

Shops:
D:4 [


Innate Abilities, Weirdness & Mutations

You reflexively headbutt those who attack you in melee.
You have a pair of horns on your head.


Message History

You closely miss the orc warrior.
The orc warrior is heavily wounded.
The orc warrior hits you with a war axe!
You hit the orc warrior but do no damage.
The orc warrior is heavily wounded.
The orc warrior hits you with a war axe!
* * * LOW HITPOINT WARNING * * *
You closely miss the orc warrior. Your headbutt misses the orc warrior.
The orc warrior is heavily wounded.
You thump the orc warrior!
The orc warrior seems to speed up.
You headbutt the orc warrior.
You kill the orc warrior!
You have reached level 6!
Your experience leads to an increase in your attributes!
Increase (S)trength, (I)ntelligence, or (D)exterity?
You feel agile.
You hit the orc but do no damage. You drain the orc!
The orc is heavily wounded.
The orc hits you with a club.
You die...

....... ....... ......#
#+# ......# #.#
#....####.# ........#.#
........#.#######
........#.......###.###.
...........(....@o......
......###.......###.#...
##.##.# #.......#
##.##.###.......#
..................
...##.###.#########
#####.# #.# #.# #.#


You could see an orc.

Vanquished Creatures
  An orc warrior (D:4)
  A scorpion (D:4)
  Crazy Yiuf (D:2)
  Terence (D:2)
  5 adders
  2 worms (D:2)
  3 dart slugs
  A leopard gecko (D:3)
  3 orcs
  3 giant cockroaches
  5 goblins
  8 hobgoblins
  6 jackals
  2 quokkas (D:2)
  5 bats
  4 frilled lizards
  7 kobolds
  9 rats
67 creatures vanquished.

Vanquished Creatures (others)
  A human (D:3)
1 creature vanquished.

Grand Total: 68 creatures vanquished

Notes
Turn   | Place    | Note
-------+----------+-------------------------------------------
     0 | D:1      | tof the Minotaur Gladiator began the quest for the Orb.
     0 | D:1      | Reached XP level 1. HP: 18/18 MP: 0/0
   235 | D:1      | Reached XP level 2. HP: 25/25 MP: 1/1
   240 | D:1      | Reached skill level 1 in Armour
   575 | D:1      | Reached skill level 4 in Staves
   965 | D:2      | Reached XP level 3. HP: 30/30 MP: 2/2
   984 | D:2      | Found a blossoming altar of Fedhas.
  1009 | D:2      | Noticed Terence
  1023 | D:2      | Killed Terence
  1028 | D:2      | Reached XP level 4. HP: 17/37 MP: 3/3
  1614 | D:2      | Found a runed door.
  1760 | D:2      | Noticed Crazy Yiuf
  1764 | D:2      | Killed Crazy Yiuf
  1844 | D:3      | Reached XP level 5. HP: 40/45 MP: 4/4
  1987 | D:3      | Found an ancient bone altar of Kikubaaqudgha.
  2099 | D:3      | Noticed a human
  2100 | D:3      | Killed a human
  2183 | D:3      | Found a shattered altar of Ashenzari.
  2406 | D:3      | Found a sparkling altar of Nemelex Xobeh.
  2541 | D:4      | Reached skill level 5 in Staves
  2591 | D:4      | Found Zisedato's Antique Armour Shop.
  2668 | D:4      | Noticed an orc warrior
  2679 | D:4      | HP: 1/45 [orc warrior/war axe (17)]
  2681 | D:4      | Killed an orc warrior
  2681 | D:4      | Reached XP level 6. HP: 1/52 MP: 5/5
  2682 | D:4      | Slain by an orc

Vault maps used:
D:1:      lightli_arrival_lavapool, serial_forest,
          infiniplex_forest_clump_small, infiniplex_forest_end_1,
          infiniplex_forest_zigzag_1, infiniplex_forest_fountain,
          infiniplex_forest_clump_double, infiniplex_forest_fountain,
          infiniplex_forest_straight_3, infiniplex_forest_straight_2,
          infiniplex_forest_lined_room_3, minmay_misc_feat_doors
D:2:      cheibrodos_old_hovel, overflow_temple_1_default,
          uniq_crazy_yiuf_cottage, uniq_terence
D:3:      nemelex_xobeh_ov_fountains_minmay, ashenzari_altar_1,
          minmay_fountain_box, minmay_misc_feat_more_columns, tgw_kikubaaqudgha
D:4:      lemuel_doored_altar, xom_butterflies, serial_shops,
          nicolae_shop_crystal

Skill      XL: |  1  2  3  4  5 |
---------------+----------------+-----
Armour         | 1 2 3 |  3.6
Staves         | 4 5 |  5.4
Fighting       | 3 |  3.7
Dodging        | 4 |  4.2
Throwing       | |  2.9

Action                   |  1- 3 |  4- 6 || total
-------------------------+-------+-------++-------
Melee: Quarterstaff      |    47 |    85 ||   132
       Headbutt          |     9 |    10 ||    19
  Eat: Chunk             |       |     5 ||     5
Armor: Leather armour    |     5 |    22 ||    27
Dodge: Dodged            |    31 |    65 ||    96

Table legend:
 A = Spawn XP
 B = Non-spawn XP
 C = Spawn XP percentage of total XP
 D = Spawn monster count
 E = Non-spawn monster count
 F = Spawn count percentage of total count
 G = Total turns spent on level
                    A         B        C        D         E        F      G
               +---------+---------+-------+---------+---------+-------+---------
         Total |       0 |     447 |   0.0 |       0 |      67 |   0.0 |  2682
               +---------+---------+-------+---------+---------+-------+---------
           D:1 |       0 |      29 |   0.0 |       0 |      16 |   0.0 |   911
           D:2 |       0 |     154 |   0.0 |       0 |      33 |   0.0 |   924
           D:3 |       0 |      30 |   0.0 |       0 |      11 |   0.0 |   688
           D:4 |       0 |     234 |   0.0 |       0 |       7 |   0.0 |   159
               +---------+---------+-------+---------+---------+-------+---------
